 Dungeon Crawl Stone Soup version 0.21.1-1-g345015f (webtiles) character file.

468 lotte the Magician (level 6, -5/32 HPs)
             Began as a Deep Elf Earth Elementalist on July 6, 2018.
             Slain by a sky beast (6 damage)
             ... on level 5 of the Dungeon.
             The game lasted 00:16:41 (4974 turns).

lotte the Magician (Deep Elf Earth Elementalist)    Turns: 4974, Time: 00:16:41

Health: -5/32      AC:  3    Str:  5    XL:     6   Next: 81%
Magic:  17/18      EV: 13    Int: 22    God:
Gold:   259        SH:  0    Dex: 15    Spells: 4/19 levels left

rFire    + . .     SeeInvis .   h - +2 spear (venom)
rCold    x . .     Gourm    .   (no shield)
rNeg     . . .     Faith    .   c - +0 robe
rPois    .         Spirit   .   (no helmet)
rElec    .         Reflect  .   (no cloak)
rCorr    .         Harm     .   (no gloves)
MR       +....                  n - +0 pair of boots
Stlth    ++........             (no amulet)
HPRegen  0.10/turn              j - ring of protection from magic
MPRegen  0.16/turn              o - ring of fire

@: no status effects
A: no striking features
a: no special abilities


You were on level 5 of the Dungeon.
You were near starving.

You visited 1 branch of the dungeon, and saw 5 of its levels.

You collected 259 gold pieces.

Inventory:

Hand Weapons
 g - a +0 mace
 h - a +2 spear of venom (weapon)
Missiles
 b - 45 stones (quivered)
Armour
 c - a +0 robe (worn)
 n - a +0 pair of boots (worn)
Jewellery
 j - a ring of protection from magic (left hand)
 o - a ring of fire (right hand)
 t - an uncursed ring of stealth
Wands
 u - a wand of polymorph (14)
Scrolls
 a - 4 scrolls of identify
 f - 2 scrolls of immolation {unknown}
 i - 3 scrolls of teleportation {unknown}
 l - a scroll of blinking {unknown}
 q - a scroll of fear {unknown}
 r - a scroll of magic mapping {unknown}
Potions
 k - 2 potions of brilliance {unknown}
 m - a potion of might {unknown}
 p - a potion of heal wounds {unknown}
 s - 3 potions of lignification {unknown}
Books
 e - a book of Geomancy

   Spells                             Type                      Level
   a - Sandblast                      Earth                        1
   b - Passwall                       Transmutation/Earth          2
   c - Stone Arrow                    Conjuration/Earth            3
   d - Petrify                        Transmutation/Earth          4
   e - Lee's Rapid Deconstruction     Earth                        5
Comestibles
 d - 11 rations


   Skills:
 + Level 2.5 Dodging
 - Level 2.4 Stealth
 * Level 7.1 Spellcasting
 + Level 0.2 Conjurations
 - Level 1.1 Transmutations
 * Level 6.4 Earth Magic


You had 4 spell levels left.
You knew the following spells:

 Your Spells              Type           Power        Failure   Level  Hunger
a - Sandblast             Erth           #####.       1%          1    None
b - Passwall              Tmut/Erth      ###.......   2%          2    None
c - Stone Arrow           Conj/Erth      ###...       6%          3    None
d - Petrify               Tmut/Erth      ###.....     17%         4    ###....
e - Lee's Rapid Deconstr  Erth           #####.....   16%         5    #####..


Dungeon Overview and Level Annotations

Branches:
Dungeon (5/15)
 Temple: D:4-7

Altars:
Ashenzari
Hepliaklqana
Makhleb
Nemelex Xobeh

Shops:
D:4 *

Annotations:
D:3 Natasha


Message History

The sky beast flickers out of sight!
Deactivating autopickup; reactivate with Ctrl-A.
Something hits you. Something shocks you.
There is a stone staircase leading up here.
Something hits you. Something shocks you.
You climb upwards.
There is a stone staircase leading down here.
You start resting.
Something hits you.
* * * LOW HITPOINT WARNING * * *
Something shocks you.
* * * LOW HITPOINT WARNING * * *
There is an escape hatch in the floor here.
You can't go up here!
Something hits you but does no damage.
You slide downwards.
The hatch slams shut behind you.
Found 3 scrolls labeled SUDOUJ KUSHRUO and a robe.
You start resting.
Something hits you.
* * * LOW HITPOINT WARNING * * *
Something shocks you.
You die...

#. .
#####.##.
.....[..#
........#
.....?..#
........#
........#
.......@#
........#
.........
........##
#........
#.###.###
# #. #.


There were no monsters in sight!

Vanquished Creatures
  An ogre (D:4)
  The ghost of lysyklops the Chiller, an amateur DgIE (D:3)
  A crimson imp (D:4)
  2 hounds
  A centaur skeleton (D:4)
  An orc priest (D:4)
  An orc wizard (D:4)
  4 adders
  An ooze (D:1)
  3 dart slugs
  4 leopard geckos
  6 orcs
  A ball python (D:3)
  6 giant cockroaches
  5 goblins
  4 hobgoblins
  10 jackals
  5 kobolds
  2 quokkas (D:2)
  2 bats
  4 frilled lizards
  A jackal skeleton (D:4)
  A leopard gecko skeleton (D:2)
  A quokka skeleton (D:4)
  9 rats
77 creatures vanquished.

Notes
Turn   | Place    | Note
-------+----------+-------------------------------------------
     0 | D:1      | lotte the Deep Elf Earth Elementalist began the quest for the Orb.
     0 | D:1      | Reached XP level 1. HP: 10/10 MP: 6/6
   148 | D:1      | Reached XP level 2. HP: 15/15 MP: 4/8
   829 | D:2      | Reached XP level 3. HP: 19/19 MP: 8/10
   836 | D:2      | Reached skill level 4 in Spellcasting
  1485 | D:2      | Reached XP level 4. HP: 24/24 MP: 12/12
  2407 | D:3      | Found a shattered altar of Ashenzari.
  2426 | D:3      | Noticed lysyklops's ghost (amateur DgIE)
  2551 | D:3      | Found a burning altar of Makhleb.
  2555 | D:3      | Reached skill level 5 in Spellcasting
  2555 | D:3      | Reached skill level 5 in Earth Magic
  2904 | D:3      | Found a sparkling altar of Nemelex Xobeh.
  2931 | D:3      | Reached XP level 5. HP: 28/28 MP: 11/14
  2971 | D:3      | Learned a level 2 spell: Passwall
  2975 | D:3      | Learned a level 3 spell: Stone Arrow
  2980 | D:3      | Learned a level 4 spell: Petrify
  3224 | D:3      | Noticed Natasha
  3356 | D:3      | Killed lysyklops's ghost
  3821 | D:4      | Found Fuefet's General Store.
  3874 | D:4      | Reached skill level 6 in Spellcasting
  3879 | D:4      | Reached XP level 6. HP: 24/32 MP: 0/17
  4374 | D:4      | Reached skill level 7 in Spellcasting
  4462 | D:4      | Learned a level 5 spell: Lee's Rapid Deconstruction
  4525 | D:4      | Found a hazy altar of Hepliaklqana.
  4694 | D:4      | Found a burning altar of Makhleb.
  4856 | D:5      | Entered Level 5 of the Dungeon
  4909 | D:5      | Noticed a sky beast
  4969 | D:4      | HP: 1/32 [something (6)]
  4974 | D:5      | HP: 1/32 [something (1)]
  4974 | D:5      | Slain by a sky beast

Skill      XL: |  1  2  3  4  5  6 |
---------------+-------------------+-----
Earth Magic    | 4 5 6 |  6.4
Spellcasting   | 4 5 6 7 |  7.1
Dodging        | |  2.5
Stealth        | |  2.4
Conjurations   | |  0.2
Transmutations | |  1.1

Action                   |  1- 3 |  4- 6 || total
-------------------------+-------+-------++-------
Melee: Spear             |    21 |    25 ||    46
       Mace              |     4 |       ||     4
 Cast: Sandblast         |    41 |    45 ||    86
       Stone Arrow       |       |    18 ||    18
       Petrify           |       |     2 ||     2
  Use: Scroll            |       |     1 ||     1
 Stab: Sleeping          |     3 |     5 ||     8
  Eat: Chunk             |     2 |     9 ||    11
Armor: Robe              |     8 |    10 ||    18
Dodge: Dodged            |    29 |    24 ||    53
